 Dungeon Crawl Stone Soup version 0.26-a0-651-gb41185065b (webtiles) character file.

Game seed: 4585823597471054383

466 Azzok the Ruffian (level 6, -1/47 HPs)
             Began as a Demonspawn Fighter on Oct 17, 2020.
             Succumbed to a worker ant's poison
             ... on level 5 of the Dungeon.
             The game lasted 00:03:33 (3699 turns).

Azzok the Ruffian (Demonspawn Fighter)              Turns: 3699, Time: 00:03:33

Health: -1/47      AC:  8    Str: 19    XL:     6   Next: 81%
Magic:  6/6        EV:  7    Int:  9    God:
Gold:   55         SH:  5    Dex: 12    Spells: 5/5 levels left

rFire    . . .     SeeInvis .     - Unarmed
rCold    . . .     Faith    .   u - +0 buckler
rNeg     . . .     Spirit   .   n - +0 chain mail (curse)
rPois    .         Reflect  .   (no helmet)
rElec    .         Harm     .   (no cloak)
rCorr    .         Rampage  .   (no gloves)
MR       .....                  (no boots)
Stlth    ..........             (no amulet)
HPRegen  0.15/turn              (no ring)
MPRegen  0.10/turn              (no ring)

@: lethally poisoned (-1 -> -16)
A: claws 1, hooves 2
a: no special abilities


You were on level 5 of the Dungeon.
You visited 1 branch of the dungeon, and saw 5 of its levels.

You collected 144 gold pieces.
You spent 89 gold pieces at shops.

Inventory:

Armour
 b - a +0 kite shield
 n - a cursed +0 chain mail (worn)
 o - a +0 plate armour
 u - a +0 buckler (worn)
Scrolls
 a - 2 scrolls of enchant weapon {unknown}
 h - 2 scrolls of fog {unknown}
 j - 3 scrolls of enchant armour {unknown}
 k - 4 scrolls of remove curse {unknown}
 l - 3 scrolls of identify {unknown}
 m - a scroll of magic mapping {unknown}
 p - 2 scrolls of noise {unknown}
 s - a scroll of teleportation {unknown}
 t - a scroll of immolation {unknown}
Potions
 c - a potion of might
 d - a potion of resistance {unknown}
 e - a potion of curing {unknown}
 f - 3 potions of heal wounds {unknown}
 g - 2 potions of brilliance {unknown}
 i - a potion of flight {unknown}
 q - a potion of invisibility {unknown}
 r - 3 potions of haste {unknown}


   Skills:
 - Level 3.0 Fighting
 - Level 2.6 Armour
 - Level 4.1 Shields
 + Level 6.0 Unarmed Combat


You had 5 spell levels left.
You didn't know any spells.
Your spell library was empty.

Dungeon Overview and Level Annotations

Branches:
Dungeon (5/15)
 Temple: D:4-7

Altars:
Kikubaaqudgha

Shops:
D:4 =:[!


Innate Abilities, Weirdness & Mutations

You have sharp fingernails.
You have hoof-like feet.


Message History

You closely miss the worker ant.
You kick the worker ant, but do no damage.
* * * LOW HITPOINT WARNING * * *
You feel sick. The worker ant bites you.
* * * LOW HITPOINT WARNING * * *
You scratch the worker ant. Your kick misses the worker ant.
The worker ant is lightly wounded.
* * * LOW HITPOINT WARNING * * *
You feel sick.
The worker ant waves its antennae.
The worker ant bites you.
* * * LOW HITPOINT WARNING * * *
You scratch the worker ant. Your kick misses the worker ant.
The worker ant is heavily wounded.
* * * LOW HITPOINT WARNING * * *
You feel sick. The worker ant barely misses you.
You scratch the worker ant. You kick the worker ant.
You kill the worker ant!
Your Unarmed Combat skill increases to level 6!
You die...

▒· ▒· ▒·· ▒··
▒··▒ ▒···▒▒
▒····▒▒▒▒
▒<···▒▒
▒▒·@··▒
▒·····▒
▒·····▒
······$▒
▒·········
····)······
···········▒
▒·······▒··▒▒


There were no monsters in sight!

Vanquished Creatures
  A black bear (D:4)
  An ogre (D:4)
  A scorpion (D:5)
  A hound (D:4)
  5 worker ants
  2 adders
  An ooze (D:4)
  2 worms
  A dart slug (D:1)
  3 leopard geckos
  3 orcs
  A ball python (D:1)
  6 bats
  2 giant cockroaches
  8 goblins
  7 hobgoblins
  4 jackals (D:4)
  8 kobolds
  A quokka (D:4)
  2 frilled lizards
  2 rats
62 creatures vanquished.

Vanquished Creatures (others)
  A human (D:4)
1 creature vanquished.

Grand Total: 63 creatures vanquished

Notes
Turn   | Place    | Note
-------+----------+-------------------------------------------
     0 | D:1      | Azzok the Demonspawn Fighter began the quest for the Orb.
     0 | D:1      | Reached XP level 1. HP: 18/18 MP: 1/1
    42 | D:1      | Reached skill level 2 in Unarmed Combat
   165 | D:1      | Gained mutation: You have large cloven feet. [demonic
                  | ancestry]
   165 | D:1      | Reached XP level 2. HP: 24/24 MP: 2/2
   656 | D:2      | Gained mutation: You have sharp fingernails. [demonic
                  | ancestry]
   656 | D:2      | Reached XP level 3. HP: 29/29 MP: 3/3
  1321 | D:3      | Reached skill level 3 in Unarmed Combat
  1930 | D:4      | Found an ancient bone altar of Kikubaaqudgha.
  1931 | D:4      | Noticed a human
  1935 | D:4      | Killed a human
  1968 | D:4      | Reached XP level 4. HP: 29/35 MP: 4/4
  2041 | D:4      | Gained mutation: You have hoof-like feet. [demonic
                  | ancestry]
  2041 | D:4      | Reached XP level 5. HP: 8/41 MP: 5/5
  2524 | D:4      | Found Binaps's Armour Shoppe.
  2533 | D:4      | Bought a +0 buckler for 63 gold pieces
  2772 | D:4      | Reached skill level 4 in Unarmed Combat
  2978 | D:4      | Noticed a black bear
  2986 | D:4      | Killed a black bear
  2986 | D:4      | Reached skill level 5 in Unarmed Combat
  2986 | D:4      | Reached XP level 6. HP: 43/47 MP: 6/6
  3134 | D:4      | Found Etruekh's Jewellery Emporium.
  3143 | D:4      | Bought a cursed amulet of inaccuracy for 26 gold pieces
  3461 | D:4      | Found Feoxtoin's Distillery.
  3607 | D:4      | Found Soigur's Book Emporium.
  3682 | D:5      | Entered Level 5 of the Dungeon
  3697 | D:5      | HP: 2/47 [worker ant (5)]
  3699 | D:5      | Reached skill level 6 in Unarmed Combat
  3699 | D:5      | Succumbed to a worker ant's poison

Illustrated notes

Levels and vault maps discovered:
D:1:      psy_arrival_conway, layout_rooms
D:2:      layout_basic
D:3:      layout_loops_ring
D:4:      black_bear_nest_1, layout_layer_cave, serial_shops,
          kennysheep_mini_moat, shop, shop, shop, tgw_kikubaaqudgha
D:5:      layout_cave_pods, basic_altar

Skill      XL: |  1  2  3  4  5  6 |
---------------+-------------------+-----
Unarmed Combat | 2 3 5 6 |  6.0
Shields        | 3 4 |  4.1
Fighting       | |  3.0
Armour         | |  2.6

Action                   |  1- 3 |  4- 6 || total
-------------------------+-------+-------++-------
Melee: Unarmed           |   159 |    65 ||   224
       Kick              |    24 |    19 ||    43
Armor: Scale mail        |    41 |       ||    41
       Chain mail        |    32 |    22 ||    54
Dodge: Dodged            |    33 |    11 ||    44
Block: Kite shield       |    71 |     9 ||    80
       Buckler           |       |     4 ||     4

Table legend: (Time is in decaauts)
 A = Elapsed time spent in this place.
 B = Non-inter-level travel time spent in this place.
 C = Inter-level travel time spent in this place.
 D = Time resting spent in this place.
 E = Time spent auto-exploring this place.
 F = Levels seen in this place.
 G = Mean time per level.
                   A        B        C        D        E       F      G
               +--------+--------+--------+--------+--------+-----+--------+
         Total |   3702 |   3582 |    120 |    127 |   2969 |   5 |  740.4 |
       Dungeon |   3702 |   3582 |    120 |    127 |   2969 |   5 |  740.4 |
               +--------+--------+--------+--------+--------+-----+--------+

Top non-repeatable levels by time:
     D:4: 1749 daAuts
     D:2: 676 daAuts
     D:1: 649 daAuts
     D:3: 611 daAuts
     D:5: 15 daAuts
